 Dungeon Crawl Stone Soup version 0.30-a0-691-g754fce4c43 (webtiles) character file.

Game seed: 12392389121294210995

1483281 ragingrage the Worldbinder (level 26, 145/173 HPs)
             Began as a Vampire Summoner on Jan 20, 2023.
             Was the Champion of Ru.
             Escaped with the Orb
             ... and 3 runes!
             The game lasted 03:37:25 (89267 turns).

ragingrage the Worldbinder (Vampire Summoner)      Turns: 89267, Time: 03:37:26

Health: 145/173    AC: 14    Str: 15    XL:     26   Next: 27%
Magic:  37/37      EV: 23    Int: 31    God:    Ru [******]
Gold:   1599       SH:  0    Dex: 21    Spells: 9/55 levels left

rFire   + . .      SeeInvis +    b - +8 short sword "Usune" {freeze, rN+ Str+4 Dex+7 Stlth-}
rCold   + . .      Faith    .    (shield unavailable)
rNeg    + . .      Spirit   .    D - +1 leather armour "Myrodaibb" {rF+ rC+ Dex+2}
rPois   +          Reflect  .    j - +2 hat "Nodut" {Drain rPois rC+}
rElec   +          Harm     .    Q - +2 cloak of Heocren {+Inv rElec Int+4 Dex-3}
rCorr   .          Rampage  .    W - +0 pair of gloves of the Griffon {rF+ Regen+ Stlth+}
Will    ++...                    l - +2 pair of boots
Stlth   ++                       g - amulet of magic regeneration
HPRegen 1.48/turn                (ring unavailable)
MPRegen 0.65/turn                a - ring "Weaxzu" {Wiz rElec}

@: on dragon call cooldown, healing quickly, studying Invocations
A: alive, fangs 3, see invisible, missing a hand, unskilled 1, missing an eye,
temperature sensitive, vampiric 2, deformed body, frail 1, low MP 1, sense
surroundings 1, strong 1, noise suppression
0: Orb of Zot
}: 3/15 runes: decaying, slimy, gossamer
a: Exsanguinate, Renounce Religion, Evoke Invisibility, Draw Out Power, Power
Leap, Apocalypse


You escaped.
You worshipped Ru.
Ru was exalted by your worship.
You visited 11 branches of the dungeon, and saw 52 of its levels.
You also visited: Trove and Ice Cave.

You collected 5905 gold pieces.
You spent 4306 gold pieces at shops.

Inventory:

Hand Weapons
 b - the +8 short sword "Usune" (weapon) {freeze, rN+ Str+4 Dex+7 Stlth-}
   (You found it on level 5 of the Pits of Slime)

   Str:       It affects your strength (+4).
   Dex:       It affects your dexterity (+7).
   rN:        It protects you from negative energy.
   Stlth:     It makes you less stealthy.
Missiles
 A - 6 throwing nets
Armour
 j - the +2 hat "Nodut" (worn) {Drain rPois rC+}
   (You found it in a treasure trove)

   rC:        It protects you from cold.
   rPois:     It protects you from poison.
   Drain:     It drains your maximum health when unequipped.
 l - a +2 pair of boots (worn)
 D - the +1 leather armour "Myrodaibb" (worn) {rF+ rC+ Dex+2}
   (You bought it in a shop on level 2 of the Depths)

   Dex:       It affects your dexterity (+2).
   rF:        It protects you from fire.
   rC:        It protects you from cold.
 Q - the +2 cloak of Heocren (worn) {+Inv rElec Int+4 Dex-3}
   (You found it on level 3 of the Elven Halls)

   Int:       It affects your intelligence (+4).
   Dex:       It affects your dexterity (-3).
   rElec:     It insulates you from electricity.
   +Inv:      It lets you turn invisible.
 W - the +0 pair of gloves of the Griffon (worn) {rF+ Regen+ Stlth+}
   (You found it on level 10 of the Dungeon)

   rF:        It protects you from fire.
   Regen:     It increases your rate of health regeneration.
   Stlth:     It makes you more stealthy.
Jewellery
 a - the ring "Weaxzu" (right hand) {Wiz rElec}
   (You found it in a treasure trove)

   [ring of wizardry]

   It improves your spell success rate.
   rElec:     It insulates you from electricity.
 g - an amulet of magic regeneration (around neck)
 p - the ring of Faevuisk {rF+ rC+ rN+ Will- Slay+2}
   (You found it on level 3 of the Elven Halls)

   [ring of protection from cold]

   Slay:      It affects your accuracy & damage with ranged weapons and melee
   (+2).
   rF:        It protects you from fire.
   rC:        It protects you from cold.
   rN:        It protects you from negative energy.
   Will:      It decreases your willpower.
 q - the ring of Ifrutier {rPois Str+6}
   (You found it on level 5 of the Pits of Slime)

   [ring of strength]

   Str:       It affects your strength (+6).
   rPois:     It protects you from poison.
 u - the ring "Irghumeoth" {*Corrode rF+ Will+ Str+2}
   (You found it in a treasure trove)

   [ring of willpower]

   Str:       It affects your strength (+2).
   rF:        It protects you from fire.
   *Corrode:  It may corrode you when you take damage.
   Will:      It increases your willpower.
 M - a +4 ring of protection
Wands
 d - a wand of flame (75)
 e - a wand of light (32)
 h - a wand of roots (47)
 L - a wand of paralysis (52)
 Y - a wand of digging (16)
Scrolls
 k - 2 scrolls of enchant armour
 m - 8 scrolls of fear
 n - 4 scrolls of blinking
 o - 5 scrolls of immolation
 t - 3 scrolls of fog
 B - 10 scrolls of poison
 E - 12 scrolls of teleportation
 N - 5 scrolls of vulnerability
 P - 3 scrolls of silence
 T - 5 scrolls of magic mapping
Potions
 c - 18 potions of curing
 f - 6 potions of mutation
 i - 10 potions of heal wounds
 r - 11 potions of attraction
 s - 3 potions of magic
 v - 2 potions of cancellation
 w - 9 potions of lignification
 x - 4 potions of haste
 z - 3 potions of berserk rage
 C - 4 potions of flight
 F - 10 potions of brilliance
 G - 10 potions of might
 K - 9 potions of ambrosia
 O - 3 potions of resistance
 S - 4 potions of invisibility
Miscellaneous
 H - a box of beasts
 I - a condenser vane
 J - a lightning rod (4/4)
 R - a phantom mirror
 V - a tin of tremorstones (2/2)
 X - a phial of floods


   Skills:
 + Level 12.4 Fighting
 - Level 6.0 Short Blades
 - Level 11.6 Polearms
 - Level 10.0 Armour
 - Level 15.0 Dodging
 - Level 15.0 Stealth
 + Level 15.2 Spellcasting
 - Level 6.0 Hexes
 - Level 26.0 Summonings
 - Level 14.0 Necromancy
 - Level 5.0 Air Magic
 - Level 8.0 Earth Magic
 - Level 14.0 Evocations


You had 9 spell levels left.
You knew the following spells:

 Your Spells              Type           Power      Damage    Failure   Level
a - Dragon's Call         Summ           55%        N/A       2%          9
b - Monstrous Menagerie   Summ           55%        N/A       1%          7
e - Borgnjor's Vile Clut  Necr/Erth      37%        N/A       1%          5
f - Summon Hydra          Summ           55%        N/A       1%          7
g - Animate Dead          Necr           84%        N/A       1%          4
h - Death Channel         Necr           42%        N/A       1%          6
i - Summon Horrible Thin  Summ           55%        N/A       1%          8

Your spell library contained the following spells:

 Spells                   Type           Power      Damage    Failure   Level
 Necrotise                Necr           100%       1d9       0%          1
 Summon Small Mammal      Summ           100%       N/A       0%          1
 Call Imp                 Summ           100%       N/A       0%          2
 Sublimation of Blood     Necr           84%        N/A       0%          2
 Call Canine Familiar     Summ           100%       N/A       0%          3
 Summon Guardian Golem    Hex/Summ       89%        N/A       0%          3
 Vampiric Draining        Necr           84%        2d12      0%          3
 Animate Armour           Summ/Erth      100%       N/A       0%          4
 Apportation              Tloc           46%        N/A       1%          1
 Foxfire                  Conj/Fire      92%        2x1d8     1%          1
 Freeze                   Ice            92%        1d9       1%          1
 Magic Dart               Conj           92%        1d7       1%          1
 Sandblast                Erth           100%       2d20      1%          1
 Shock                    Conj/Air       100%       1d9       1%          1
 Slow                     Hex            100%       N/A       1%          1
 Sting                    Tmut/Pois      92%        1d7       1%          1
 Blink                    Tloc           46%        N/A       1%          2
 Cigotuvi's Dreadful Rot  Necr/Pois/Air  100%       N/A       1%          2
 Ensorcelled Hibernation  Hex/Ice        84%        N/A       1%          2
 Passwall                 Tmut/Erth      40%        N/A       1%          2
 Poisonous Vapours        Pois/Air       78%        N/A       1%          2
 Searing Ray              Conj           46%        2d6       1%          2
 Wereblood                Tmut           23%        N/A       1%          2
 Confusing Touch          Hex            57%        N/A       1%          3
 Inner Flame              Hex/Fire       42%        N/A       1%          3
 Kindle Blastsparks       Fire/Tloc/Air  66%        2d15      1%          3
 Mephitic Cloud           Conj/Pois/Air  33%        N/A       1%          3
 Portal Projectile        Hex/Tloc       84%        N/A       1%          3
 Stone Arrow              Conj/Erth      96%        3d13      1%          3
 Swiftness                Air            53%        N/A       1%          3
 Tukima's Dance           Hex            57%        N/A       1%          3
 Vhi's Electric Charge    Tloc/Air       78%        N/A       1%          3
 Airstrike                Air            26%        2d(4-20)  1%          4
 Cause Fear               Hex            28%        N/A       1%          4
 Petrify                  Tmut/Erth      48%        N/A       1%          4
 Summon Lightning Spire   Summ/Air       88%        N/A       1%          4
 Frozen Ramparts          Ice            46%        1d7       2%          3
 Hailstorm                Conj/Ice       23%        3d7       2%          3
 Ignite Poison            Fire/Tmut/Pois 23%        N/A       2%          3
 Fulminant Prism          Conj/Hex       21%        3d12      2%          4
 Silence                  Hex/Air        27%        N/A       2%          5
 Metabolic Englaciation   Hex/Ice        21%        N/A       8%          5
 Flame Wave               Conj/Fire      23%        2d8       9%          4
 Iskenderun's Mystic Bla  Conj/Tloc      23%        2d6       9%          4
 Manifold Assault         Tloc           23%        N/A       9%          4
 Olgreb's Toxic Radiance  Pois           23%        N/A       9%          4
 Passage of Golubria      Tloc           23%        N/A       9%          4
 Sticky Flame             Conj/Fire      23%        2d4       9%          4
 Arcjolt                  Conj/Air       19%        1d29      9%          5
 Blade Hands              Tmut           11%        N/A       26%         5
 Fireball                 Conj/Fire      11%        3d7       26%         5
 Irradiate                Conj/Tmut      11%        3d15      26%         5
 Statue Form              Tmut/Erth      32%        N/A       26%         6
 Dispersal                Tloc           11%        N/A       77%         6
 Starburst                Conj/Fire      11%        6d5       77%         6
 Storm Form               Tmut/Air       19%        N/A       93%         7
 Dragon Form              Tmut           11%        N/A       99%         7
 Ozocubu's Refrigeration  Ice            11%        4d10      99%         7
 Discord                  Hex            28%        N/A       99%         8
 Maxwell's Capacitive Co  Air            26%        ∞         99%         8
 Disjunction              Tloc           11%        N/A       100%        8
 Ignition                 Fire           11%        3d5       100%        8
 Lehudib's Crystal Spear  Conj/Erth      24%        10d7      100%        8


Dungeon Overview and Level Annotations

Branches:
Dungeon (15/15)            Temple (1/1) D:6            Lair (5/5) D:10
  Swamp (4/4) Lair:2       Spider (4/4) Lair:2        Slime (5/5) Lair:5
    Orc (2/2) D:11            Elf (3/3) Orc:2        Vaults (4/5) D:14
  Crypt (0/3) Vaults:2     Depths (4/4) D:15            Zot (5/5) Depths:4
  IceCv (visited)

Altars:
Ashenzari
Cheibriados
Dithmenos
Fedhas
Gozag
Hepliaklqana
Kikubaaqudgha
Makhleb
Nemelex Xobeh
Okawaru
Qazlal
Ru
Sif Muna
Trog
Uskayaw
Vehumet
Wu Jian
Xom
Yredelemnul
Jiyva

Shops:
D:3 ?   D:4 (   D:5 *   D:6 ([   D:7 !   D:12 =(   D:14 [[[[   Orc:2 ?*[[
Vaults:1 [   Depths:2 *[(*[

Portals:
Hell: Depths:1 Depths:2 Depths:3 Depths:4
Abyss: Depths:3
Pandemonium: Depths:2 Depths:3 Depths:4
Ziggurat: Depths:3

Annotations:
D:3 2 transporters, exclusion: downstairs, Aneyh's ghost, weakling TeMo
Lair:1 exclusion: downstairs
Lair:2 exclusion: downstairs
Spider:2 exclusion: downstairs
Orc:1 exclusion: downstairs
Elf:1 exclusion: downstairs
Elf:2 5 runed translucent doors
Depths:1 1 runed translucent door


Innate Abilities, Weirdness & Mutations

Your natural rate of healing is accelerated.
You have razor-sharp teeth.
You have supernaturally acute eyesight. (SInv)
You are missing a hand.
You are somewhat unskilled. (-1 Apt)
You are missing an eye, making it more difficult to aim.
You are sensitive to extremes of temperature. (rF-, rC-)
You are afflicted with vampirism and can become a bat while bloodless.
Armour fits poorly on your strangely shaped body.
You are frail. (-10% HP)
Your magical capacity is low. (-10% MP)
You passively map a small area around you.
Your muscles are strong. (Str +4, Int/Dex -1)
You passively dampen the noise of your surroundings.


Message History

Press: ? - help, Dir - move target
As you read the scroll of blinking, it crumbles to dust.
Aiming: Dig
Press: ? - help, Shift-Dir - straight line A rock wall.
This square is covered in magical glow.
The rock shatters into small pieces.
A dragon arrives to answer your call! Cokalell gestures at you.
The bolt of acid misses you.
Your fire dragon barely misses Cokalell.
Your fire dragon claws Cokalell but does no damage.
Your fire dragon tramples Cokalell.
Cokalell is shoved backwards!
There is a stone staircase leading up here.
Something hits your fire dragon!
You climb upwards.
There is a stone staircase leading down here.
There is an open door here.
A tormentor comes into view.
A dragon arrives to answer your call! x2
Your golden dragon bites the tormentor!!
Your golden dragon claws the tormentor.
Your golden dragon tramples the tormentor.
The tormentor holds its ground!
Your shadow dragon bites the tormentor but does no damage.
Your shadow dragon claws the tormentor.
The tormentor dies!
Okay, then.
(D) Dungeon (T) Temple (L) Lair (S) Swamp (N) Spider Nest (M) Slime Pits (O) Orcish Mines (E) Elven Halls (V) Vaults (C) Crypt (U) Depths (H) Hell (Z) Zot
Where to? (Enter - D:1 @ (x,y), ? - help)
Your golden dragon disappears in a puff of smoke!
The roar of the dragon horde subsides.
A smoke demon comes into view.
The smoke demon roars!
Your shadow dragon disappears in a puff of smoke!
There is a staircase leading out of the dungeon here.
You have escaped!

......#.....#...#...#......###...
###.#.#..#...#..#..#...#....##...
#.#.....#..#..#..#..#.....##.##
#........#..#.#.#..#....).##.#
#..#..#...#.#.#.#.#...#...##.#
###..#...##..#.#.#.#..##...###.#
.....#.....##.#..3#.##.....# #.#
....(........#.....#......)# #.#
...#.#.######...@...######.###.##
.....#.......#.....#.......##....
######.....##.#...#.##.....##..##
#...##..#.#.#.#..##...#.....
#..#...#.#.#.#.#...#..##.... ###
#.....#..#.#.#..#.....##.... ..#
#....#..#..#..#..#).........
#.#####..#...#..#..#...#..#......
#...###.....#...#...#.......#####


You could see a smoke demon.

Vanquished Creatures
  the Royal Jelly (Slime:5)
  A juggernaut (Depths:1)
  Boris (Vaults:4)
  3 curse toes
  A tentacled monstrosity (Zot:2)
  An Orb Guardian (Zot:5)
  3 acid blobs
  3 quicksilver dragons
  A walking divine tome (Depths:3)
  A death cob (Zot:5)
  2 storm dragons
  A sphinx (Depths:1)
  Kirke (Lair:5)
  Gastronok (Lair:2)
  5 rockslimes (Slime:5)
  2 tengu reavers
  7 draconian monks
  8 draconian knights
  2 fire giants (Depths:2)
  A daeva (Depths:1)
  4 azure jellies
  5 vault wardens
  4 draconian scorchers
  5 ghost moths
  A frost giant (Depths:3)
  2 draconian stormcallers (Zot:1)
  A deep elf elementalist (Elf:3)
  2 draconian shifters
  3 draconian annihilators
  7 quicksilver oozes (Slime:5)
  3 very ugly things
  4 stone giants
  4 ironbound preservers
  2 ironbound thunderhulks (Vaults:2)
  A deep elf demonologist (Elf:3)
  A bunyip (Swamp:2)
  3 black draconians
  5 eleionomae
  4 white draconians
  A vampire knight (Depths:2)
  5 green draconians
  3 dire elephants
  11 purple draconians
  3 yellow draconians
  2 red draconians
  2 spark wasps
  4 ettins
  2 merfolk impalers
  A fire dragon (Depths:4)
  2 entropy weavers (Vaults:3)
  5 yaktaur captains
  A deep elf high priest (Depths:4)
  5 vault guards (Vaults:1)
  An entropy weaver (shapeshifter) (D:13)
  A spriggan air mage (Depths:3)
  2 hydras (Swamp:4)
  An ironbound frostheart (Vaults:1)
  10 centaur warriors
  A radroach (Spider:1)
  An alligator (Swamp:4)
  5 two-headed ogres
  5 boulder beetles
  A hell hog (Depths:2)
  3 deep troll shamans
  2 tengu warriors
  4 deep troll earth magi
  2 hell knights (Depths:2)
  A vampire mage (Depths:3)
  3 deep elf knights (Elf:2)
  Urug (D:10)
  2 large abominations (Depths:3)
  3 iron trolls
  2 pharaoh ants
  2 sun moths (Spider:4)
  A spriggan druid (Swamp:3)
  A bog body (Swamp:1)
  9 deep trolls
  A deep elf archer (Elf:2)
  A necromancer (D:15)
  A swamp dragon (Swamp:4)
  A phantasmal warrior (Vaults:4)
  2 orb spiders (Spider:4)
  A steelbarb worm (Spider:2)
  10 deep elf pyromancers
  7 ironbound convokers
  A lindwurm (Vaults:1)
  3 wizards
  3 deep elf zephyrmancers (Elf:1)
  7 ugly things
  A salamander (Depths:2)
  3 wolf spiders (Spider:4)
  An elephant (Lair:5)
  10 moths of wrath
  A manticore (D:14)
  6 vault sentinels
  9 slime creatures
  An eye of devastation (Slime:4)
  A torpor snail (Spider:1)
  2 molten gargoyles (Lair:5)
  3 cane toads
  2 demonic crawlers
  2 rime drakes
  3 green draconian zombies (Zot:2)
  A kobold demonologist (D:10)
  Psyche (D:10)
  3 unseen horrors
  4 yaktaurs
  3 komodo dragons
  3 tengu conjurers
  3 trolls
  A polar bear (IceCv)
  6 hornets
  9 tarantellas
  7 blink frogs
  9 dream sheep (Lair:5)
  A jumping spider (shapeshifter) (Depths:4)
  An air elemental (Elf:1)
  A centaur simulacrum (D:14)
  4 culicivoras
  5 jumping spiders
  27 yaks
  A shadow (D:11)
  3 spriggans
  3 small abominations
  2 wraiths
  8 chaos spawn
  3 golden eyes
  2 basilisks (Lair:5)
  4 hogs (Lair:5)
  22 redbacks
  4 vampire mosquitoes (Swamp:3)
  5 swamp worms
  A deep troll zombie (Vaults:4)
  5 water moccasins
  A floating eye (Slime:2)
  3 hell hounds (Lair:5)
  A black bear (D:5)
  2 ice beasts (D:7)
  4 orc warriors
  5 swamp drakes
  2 sky beasts
  A human zombie (Vaults:3)
  11 wolves (IceCv)
  5 ogres
  3 centaurs
  3 boggarts
  A phantom (D:4)
  6 bullfrogs
  A gnoll sergeant (D:4)
  A wight (D:7)
  A killer bee (D:10)
  4 howler monkeys
  9 electric eels
  4 lava snakes
  A gnoll bouda (D:7)
  7 orc priests
  7 hounds
  2 iguanas (D:5)
  7 orc wizards
  A hell rat (Lair:2)
  9 nameless horrors
  21 gnolls
  3 adders
  An ufetubus (D:5)
  3 worms
  3 dart slugs
  27 orcs
  2 ball pythons (D:2)
  5 endoplasms
  2 giant cockroaches
  3 goblins
  5 hobgoblins
  9 jackals (D:4)
  4 kobolds
  A quokka (D:1)
  2 training dummies (D:12)
  7 bats
  4 frilled lizards
  2 rats (D:2)
659 creatures vanquished.

Vanquished Creatures (collateral kills)
  A pandemonium lord (D:2)
  6 orbs of fire
  Tiamat (Zot:2)
  An ancient lich (Zot:5)
  3 juggernauts
  the Lernaean hydra (Swamp:4)
  3 Killer Klowns
  A curse toe (Zot:5)
  11 golden dragons
  A bone dragon (Vaults:2)
  3 electric golems (Zot:5)
  13 tentacled monstrosities
  3 liches
  Mlioglotl (Swamp:4)
  Jorgrun (Swamp:1)
  3 deep elf blademasters (Elf:3)
  4 titans
  23 acid blobs
  A deep elf master archer (Elf:3)
  A walking frostbound tome (Depths:2)
  14 quicksilver dragons
  24 Orb Guardians (Zot:5)
  4 sphinxes
  8 death cobs
  15 storm dragons
  A tengu reaver (Depths:2)
  A fenstrider witch (Swamp:4)
  4 shadow dragons
  5 fire giants
  A thorn hunter (Swamp:3)
  7 rockslimes
  6 azure jellies
  16 draconian monks
  9 deep elf sorcerers (Elf:3)
  6 draconian knights
  6 emperor scorpions
  9 draconian shifters
  A ghost moth (shapeshifter) (Depths:1)
  Aizul (Spider:2)
  9 vault wardens
  5 ghost moths
  2 draconian stormcallers
  6 draconian scorchers
  6 deep elf elementalists (Elf:3)
  4 frost giants
  16 very ugly things
  20 ironbound preservers
  A war gargoyle (Vaults:4)
  12 stone giants
  7 quicksilver oozes
  7 draconian annihilators
  6 ironbound thunderhulks
  10 green draconians
  A vampire knight (Depths:2)
  4 bunyips
  9 yellow draconians
  2 deep elf demonologists
  8 deep elf annihilators
  4 eleionomae
  9 black draconians
  18 purple draconians
  9 red draconians
  12 dire elephants
  4 spark wasps
  13 white draconians
  7 deep elf death magi
  6 fire dragons
  Snorg (D:12)
  A merfolk impaler (Depths:2)
  The ghost of sirJeffrey23 the Executioner, a journeyman HOFi of Beogh (D:12)
  An entropy weaver (Vaults:1)
  Josephine (D:11)
  7 ettins
  A merfolk javelineer (Depths:2)
  8 great orbs of eyes
  11 hydras
  5 deep elf high priests
  8 spriggan air magi
  A rakshasa (Depths:2)
  7 yaktaur captains
  A peacekeeper (Vaults:4)
  6 vault guards
  6 ice dragons
  2 jorogumos (Spider:4)
  6 radroaches (Spider:4)
  A ghost crab (Swamp:2)
  5 ironbound frosthearts
  A hell beast (D:5)
  2 ogre magi (Orc:2)
  A two-headed ogre (Orc:1)
  A boulder beetle (Spider:4)
  20 dancing weapons
  A deep troll shaman (Depths:2)
  A two-headed ogre (shapeshifter) (D:14)
  8 death yaks
  14 centaur warriors
  3 alligators
  3 deep troll earth magi
  2 tengu warriors
  2 vampire magi
  4 spriggan berserkers
  A sun demon (Depths:2)
  3 spriggans
  12 hell knights
  Nergalle (Lair:2)
  2 deep elf knights
  2 soul eaters
  2 iron trolls (Depths:3)
  A sixfirhy (Depths:4)
  A sun moth (Spider:4)
  6 pharaoh ants
  4 orb spiders
  4 glowing orange brains
  A spriggan rider (Depths:4)
  2 spriggan druids
  A tengu zombie (Depths:3)
  12 deep elf archers
  A shadow demon (Depths:4)
  4 lindwurms
  2 flayed ghosts (Depths:1)
  A bog body (Swamp:2)
  7 steelbarb worms
  A swamp dragon (shapeshifter) (Vaults:3)
  7 wizards
  50 deep trolls
  A phantasmal warrior (Vaults:4)
  5 swamp dragons (Swamp:4)
  A golden dragon skeleton (Depths:3)
  An orc knight (Orc:2)
  14 deep elf zephyrmancers
  4 necromancers
  A frost giant zombie (Depths:3)
  22 deep elf pyromancers
  17 ironbound convokers
  12 wolf spiders
  3 harpies (Vaults:1)
  A manticore (shapeshifter) (Elf:1)
  4 shining eyes
  An orc sorcerer (Orc:1)
  A will-o-the-wisp (Swamp:1)
  A shadow dragon skeleton (Depths:3)
  29 ugly things
  A frost giant skeleton (Depths:3)
  18 moths of wrath
  4 cyclopes
  Maurice (Orc:2)
  4 eyes of devastation
  8 demonic crawlers
  An elephant (Lair:5)
  2 black mambas
  13 vault sentinels
  A smoke demon (Depths:4)
  A molten gargoyle (Lair:5)
  A rime drake (IceCv)
  A gargoyle (D:10)
  5 torpor snails
  10 cane toads
  9 yaktaurs
  A tormentor (D:1)
  A freezing wraith (Vaults:4)
  7 komodo dragons
  A tengu conjurer (Depths:3)
  An ice devil (Depths:3)
  5 meliai
  A hellwing (Depths:4)
  3 polar bears
  8 trolls
  7 tarantellas
  5 hornets
  2 tyrant leeches
  Prince Ribbit (D:7)
  4 blink frogs (Lair:4)
  2 dream sheep (Lair:5)
  13 culicivoras
  2 air elementals
  90 slime creatures
  A culicivora (shapeshifter) (Elf:1)
  7 water elementals
  24 jumping spiders
  4 shadows
  5 wyverns
  A vampire (D:10)
  2 fire elementals (Elf:3)
  43 yaks
  4 fire bats (Depths:2)
  4 golden eyes (Slime:1)
  9 humans (D:14)
  7 basilisks
  3 steam dragons
  7 wraiths
  A redback (shapeshifter) (Vaults:3)
  7 vampire mosquitoes (Swamp:3)
  33 redbacks
  10 swamp worms
  2 small abominations
  A hell hound (Lair:5)
  3 water moccasins
  3 floating eyes
  An acid dragon (D:10)
  6 swamp drakes
  3 large abominations
  8 orc warriors
  An ice beast (D:6)
  20 ogres
  19 wolves
  4 boggarts
  4 centaurs
  A phantom (D:6)
  Blork the orc (D:4)
  3 kobold brigands
  3 earth elementals
  5 bullfrogs
  A necrophage (D:7)
  2 scorpions
  A gnoll sergeant (D:11)
  3 wights
  A killer bee (D:10)
  An electric eel (Spider:4)
  4 howler monkeys
  6 lava snakes
  A jelly (D:5)
  3 hounds
  10 orc priests
  A gnoll bouda (D:7)
  An iguana (D:7)
  21 orc wizards
  6 hell rats
  11 nameless horrors
  6 adders
  19 gnolls
  A white imp (D:6)
  3 worms (Lair:2)
  48 orcs
  5 ball pythons
  3 endoplasms
  2 giant cockroaches
  9 goblins
  2 hobgoblins
  3 jackals
  13 kobolds
  6 quokkas
  A training dummy (D:12)
  4 bats
  7 frilled lizards (D:1)
  6 rats
1531 creatures vanquished.

Vanquished Creatures (others)
  An Orb Guardian (Zot:5)
  A quicksilver dragon (Zot:2)
  A death cob (Zot:5)
  A draconian monk (Zot:1)
  A thorn hunter (Swamp:3)
  A storm dragon (Zot:2)
  A draconian knight (Zot:1)
  A fire giant (Depths:4)
  A vault warden (Vaults:4)
  2 draconian stormcallers
  A draconian shifter (Zot:5)
  2 ironbound thunderhulks (Vaults:2)
  2 rockslime zombies
  2 purple draconians
  A red draconian (Depths:4)
  2 deep elf annihilators (Elf:3)
  2 bunyips (Swamp:4)
  6 very ugly thing zombies
  A dire elephant (Vaults:3)
  15 acid blob zombies
  A yellow draconian (Depths:4)
  4 quicksilver dragon zombies
  A vault guard (D:14)
  8 hydras
  An alligator (Swamp:2)
  A centaur warrior (D:13)
  4 two-headed ogres
  3 quicksilver ooze zombies (Slime:5)
  A titan zombie (Depths:1)
  6 death yaks
  5 azure jelly zombies
  A storm dragon zombie (Zot:1)
  A tengu warrior (D:14)
  A deep elf knight (Elf:1)
  A golden dragon zombie (Depths:4)
  Amaemon (D:10)
  3 nameless horrors
  3 spark wasp zombies (Depths:3)
  2 ogre zombies
  A sun moth (Spider:3)
  A deep troll (Orc:2)
  4 swamp dragons
  A lindwurm (Lair:5)
  2 deep elf zephyrmancers (Elf:3)
  2 deep elf archers
  A bog body (Swamp:1)
  2 orc knights
  A shadow dragon zombie (Depths:1)
  3 ugly things
  10 draconian zombies
  2 wizards
  9 ugly thing zombies
  3 stone giant zombies
  A frost giant zombie (Depths:3)
  A manticore (D:14)
  2 cyclopes
  An ice statue (IceCv)
  2 elephants (Lair:5)
  2 dire elephant zombies (Vaults:4)
  A moth of wrath (Zot:5)
  An orange demon (D:10)
  4 cane toads
  2 yellow draconian zombies (Zot:1)
  A gargoyle (D:11)
  2 torpor snails
  5 purple draconian zombies
  A red draconian zombie (Zot:1)
  13 spriggan zombies
  2 green draconian zombies (Zot:1)
  3 white draconian zombies
  A komodo dragon (Lair:5)
  A black draconian zombie (Zot:3)
  3 polar bears (IceCv)
  A meliai (Spider:4)
  2 tyrant leeches
  5 trolls
  A jumping spider zombie (Depths:4)
  2 bloated husks
  A tarantella (Spider:3)
  4 large abominations (D:10)
  An ettin zombie (Depths:1)
  2 blink frogs (Lair:4)
  A fire dragon zombie (Depths:4)
  5 moth of wrath zombies
  2 great orb of eyes zombies
  A merfolk zombie (Depths:2)
  A culicivora (Spider:3)
  A wraith (D:12)
  2 slime creatures
  51 slime creature zombies
  An elf zombie (Depths:4)
  12 yaks
  2 humans
  2 dancing weapons (Orc:2)
  20 deep troll zombies
  2 redbacks
  3 tengu zombies
  15 human zombies
  Edmund (D:6)
  An acid dragon (D:13)
  2 swamp worms
  2 water moccasins (Lair:1)
  2 hornet zombies (Depths:4)
  4 orc warriors
  4 wolves
  2 centaurs
  5 small abominations (D:10)
  2 yaktaur zombies
  A scorpion (Lair:2)
  A wight (D:6)
  An electric eel (Lair:2)
  An orc priest (D:11)
  A hound (D:10)
  A gnoll bouda (Orc:1)
  2 orc wizards
  5 hell rats
  A gnoll (D:4)
  5 orcs
  A bush (Lair:5)
  6 foxfires (Swamp:1)
  39 fungi
  68 plants
482 creatures vanquished.

Grand Total: 2672 creatures vanquished

Notes
Turn   | Place    | Note
-------+----------+-------------------------------------------
     0 | D:1      | ragingrage the Vampire Summoner began the quest for the
                  | Orb.
     0 | D:1      | Reached XP level 1. HP: 13/13 MP: 3/3
   178 | D:1      | Reached XP level 2. HP: 19/19 MP: 0/5
   230 | D:1      | Learned a level 2 spell: Call Imp
   638 | D:1      | Reached skill level 5 in Summonings
   713 | D:1      | Gained mutation: You are afflicted with vampirism and can
                  | become a bat while bloodless. [Vampire growth]
   713 | D:1      | Reached XP level 3. HP: 24/24 MP: 2/6
  1378 | D:2      | Learned a level 3 spell: Call Canine Familiar
  1471 | D:2      | Reached XP level 4. HP: 30/30 MP: 4/7
  2550 | D:3      | Found Meogrud's Magic Scroll Shoppe.
  2791 | D:3      | Bought a scroll of teleportation for 33 gold pieces
  2791 | D:3      | Bought a scroll of blinking for 82 gold pieces
  3008 | D:3      | Found a shimmering altar of Xom.
  3234 | D:3      | Found a transporter.
  3238 | D:3      | Noticed Aneyh's ghost (weakling TeMo)
  3272 | D:3      | Found a transporter.
  3746 | D:3      | Found a hide-covered altar of Uskayaw.
  3836 | D:4      | Noticed Blork the orc
  3925 | D:4      | Found a radiant altar of Vehumet.
  3956 | D:4      | Found a shimmering blue altar of Sif Muna.
  4094 | D:4      | Identified the +6 trident "Ibew" {venom, *Slow rC+ rCorr}
  4179 | D:4      | Noticed a phantom
  4190 | D:4      | Killed a phantom
  4191 | D:4      | Reached skill level 5 in Stealth
  4191 | D:4      | Reached skill level 6 in Summonings
  4191 | D:4      | Reached XP level 5. HP: 35/35 MP: 4/8
  4419 | D:4      | Reached XP level 6. HP: 38/41 MP: 6/9
  4428 | D:4      | Learned a level 3 spell: Summon Guardian Golem
  4497 | D:4      | Reached skill level 1 in Hexes
  4604 | D:4      | Found Jaracw's Antique Weapon Boutique.
  4678 | D:4      | Reached skill level 7 in Summonings
  4737 | D:4      | Reached XP level 7. HP: 46/46 MP: 8/10
  5008 | D:4      | Killed Blork the orc
  5338 | D:4      | Reached skill level 8 in Summonings
  5796 | D:5      | Entered Level 5 of the Dungeon
  5808 | D:5      | Found Immolub's Elemental Accessories.
  5984 | D:5      | Reached XP level 8. HP: 52/52 MP: 4/11
  6098 | D:5      | Reached skill level 9 in Summonings
  6320 | D:5      | Reached skill level 1 in Polearms
  6360 | D:5      | Found an iron altar of Okawaru.
  6621 | D:6      | Noticed Edmund
  6636 | D:6      | Killed Edmund
  6724 | D:6      | Found a staircase to the Ecumenical Temple.
  6733 | Temple   | Entered the Ecumenical Temple
  6740 | Temple   | Became a worshipper of Ru the Awakened
  6920 | D:6      | Found Ozaqel's Antique Weapon Shoppe.
  6928 | D:6      | Bought a crystal halberd for 243 gold pieces
  6928 | D:6      | Identified the +7 halberd "Agyuraxa" {drain, *Noise +Blink
                  | Dex+6} (You bought it in a shop on level 6 of the Dungeon)
  7024 | D:6      | Found an ornate altar of the Wu Jian Council.
  7402 | D:6      | Found a bloodstained altar of Trog.
  7405 | D:6      | Noticed a wizard
  7411 | D:6      | Killed a wizard
  7513 | D:6      | Found Relowafi's Armour Shoppe.
  7828 | D:6      | Reached skill level 10 in Summonings
  8167 | D:6      | Reached XP level 9. HP: 57/57 MP: 4/12
  8412 | D:7      | Noticed Prince Ribbit
  8538 | D:6      | Reached skill level 11 in Summonings
  9058 | D:7      | Learned a level 4 spell: Summon Lightning Spire
  9095 | D:7      | Reached skill level 1 in Air Magic
  9120 | D:7      | Noticed a troll
  9127 | D:7      | Killed a troll
  9169 | D:7      | Identified the +2 scale mail of the Bagpipe {rElec rPois}
  9219 | D:7      | Reached skill level 12 in Summonings
  9228 | D:7      | Killed Prince Ribbit
  9233 | D:7      | Noticed a komodo dragon
  9380 | D:7      | Identified the +10 chain mail "Wofig" {rN+ MP+9 Int+6}
  9418 | D:7      | Reached XP level 10. HP: 63/63 MP: 9/16
  9570 | D:7      | Found Nirgh's Distillery.
 10023 | D:7      | Gained mutation: You are missing an eye, making it more
                  | difficult to aim. [Ru sacrifice]
 10023 | D:7      | Reached * piety under Ru
 10923 | D:8      | Reached skill level 5 in Spellcasting
 12118 | D:10     | Entered Level 10 of the Dungeon
 12185 | D:10     | Reached skill level 1 in Evocations
 12308 | D:10     | Noticed a wizard
 12337 | D:10     | Killed a wizard
 12338 | D:10     | Reached skill level 5 in Polearms
 12487 | D:10     | Noticed Urug
 12772 | D:10     | Identified the +0 chain mail of the Unseen Realm {Drain Fly
                  | Str-3 Dex+7}
 12790 | D:10     | Learned a level 3 spell: Tukima's Dance
 12807 | D:10     | Killed Urug
 12808 | D:10     | Reached skill level 5 in Air Magic
 12808 | D:10     | Reached XP level 11. HP: 68/68 MP: 3/19
 12990 | D:10     | Noticed Amaemon
 13018 | D:10     | Killed Amaemon
 13029 | D:10     | Noticed Psyche
 13051 | D:10     | Killed Psyche
 13137 | D:10     | Found a staircase to the Lair.
 13344 | D:10     | Found a blossoming altar of Fedhas.
 13431 | D:10     | Reached skill level 5 in Dodging
 13542 | D:10     | Gained mutation: You are somewhat unskilled. (-1 Apt) [Ru
                  | sacrifice]
 13542 | D:10     | Reduced skill Polearms to level 5
 13542 | D:10     | Reduced skill Summonings to level 11
 13542 | D:10     | Reached ** piety under Ru
 14650 | D:11     | Found a staircase to the Orcish Mines.
 14906 | D:5      | Bought a wand of flame (4) for 28 gold pieces
 14995 | D:10     | Reached skill level 5 in Dodging
 15077 | D:10     | Noticed a cyan ugly thing
 15107 | D:10     | Killed a cyan ugly thing
 15122 | D:10     | Reached skill level 1 in Armour
 15447 | D:10     | Reached skill level 5 in Air Magic
 15531 | D:10     | Noticed a large abomination
 15533 | D:10     | Reached skill level 12 in Summonings
 15556 | D:10     | Killed a large abomination
 15725 | D:10     | Noticed a large abomination
 15739 | D:10     | Killed a large abomination
 16032 | D:10     | Identified the +0 pair of gloves of the Griffon {rF+ Regen+
                  | Stlth+}
 16232 | Lair:1   | Entered Level 1 of the Lair of Beasts
 16245 | Lair:1   | Found a frozen archway.
 16252 | Lair:1   | Reached XP level 12. HP: 74/74 MP: 10/20
 16335 | IceCv    | Entered an ice cave
 16540 | IceCv    | Reached skill level 10 in Stealth
 17233 | IceCv    | Noticed a death yak
 17234 | IceCv    | Noticed a death yak
 17251 | IceCv    | Noticed a death yak
 17412 | IceCv    | Killed a death yak
 17415 | IceCv    | Killed a death yak
 17422 | IceCv    | Killed a death yak
 18290 | IceCv    | Noticed an ironbound frostheart
 18297 | IceCv    | Killed an ironbound frostheart
 18332 | IceCv    | Noticed a death yak
 18332 | IceCv    | Noticed an ironbound frostheart
 18332 | IceCv    | Noticed a death yak
 18344 | IceCv    | Killed an ironbound frostheart
 18349 | IceCv    | Reached skill level 5 in Evocations
 18431 | IceCv    | Killed a death yak
 18431 | IceCv    | Killed a death yak
 18487 | IceCv    | Got the Compilation of Blight and the Tesseract
 18491 | IceCv    | Got Juger's Disquisition on the Wendigo
 18871 | Lair:1   | Reached XP level 13. HP: 79/79 MP: 15/22
 20489 | Lair:2   | Gained mutation: You are sensitive to extremes of
                  | temperature. (rF-, rC-) [Ru sacrifice]
 20489 | Lair:2   | Reached *** piety under Ru
 20489 | Lair:2   | Reached **** piety under Ru
 20933 | Lair:2   | Found a staircase to the Swamp.
 21321 | Lair:2   | Noticed Nergalle
 21331 | Lair:2   | Killed Nergalle
 21403 | Lair:2   | Reached skill level 13 in Summonings
 21773 | Lair:2   | Noticed Gastronok
 21825 | Lair:2   | Killed Gastronok
 21889 | Lair:2   | Found a hole to the Spider Nest.
 24519 | Lair:4   | Reached XP level 14. HP: 85/85 MP: 16/25
 24672 | Lair:4   | Gained mutation: You are missing a hand. [Ru sacrifice]
 24672 | Lair:4   | Reached ***** piety under Ru
 24672 | Lair:4   | Reached ****** piety under Ru
 25095 | Lair:5   | Entered Level 5 of the Lair of Beasts
 25264 | Lair:5   | Noticed Kirke
 25272 | Lair:5   | Reached skill level 10 in Polearms
 25276 | Lair:5   | Killed Kirke
 26084 | Lair:5   | Reached skill level 14 in Summonings
 27233 | Lair:5   | Reached skill level 1 in Fighting
 27331 | Lair:5   | Found a staircase to the Slime Pits.
 27340 | Lair:5   | Found a viscous altar of Jiyva.
 27865 | Lair:5   | Reached skill level 5 in Hexes
 27932 | Lair:5   | Found a large runed translucent door.
 27933 | Lair:5   | Found a large runed translucent door.
 28627 | Orc:1    | Entered Level 1 of the Orcish Mines
 28632 | Orc:1    | Noticed Josephine
 28928 | D:11     | Killed Josephine
 30210 | Orc:1    | Reached XP level 15. HP: 86/87 MP: 19/28
 30318 | Orc:2    | Entered Level 2 of the Orcish Mines
 30457 | Orc:2    | Noticed Maurice
 30466 | Orc:2    | Killed Maurice
 31267 | Orc:2    | Found a staircase to the Elven Halls.
 31304 | Orc:2    | Paralysed by an ogre mage for 4 turns
 31918 | Orc:2    | Found Qokypir's Magic Scroll Shoppe.
 31921 | Orc:2    | Found Xopaim's Armour Shoppe.
 31923 | Orc:2    | Found Xotufoza's Antique Armour Shop.
 31925 | Orc:2    | Bought the +3 crown of Dyrovepreva {rElec Int+2 SInv} for
                  | 579 gold pieces
 31925 | Orc:2    | Found the +3 crown of Dyrovepreva {rElec Int+2 SInv}
 31948 | Orc:2    | Found Mots's General Store.
 32000 | Orc:2    | Bought a glowing robe for 96 gold pieces
 32259 | D:10     | Learned a level 7 spell: Summon Hydra
 32273 | D:12     | Noticed sirJeffrey23's ghost (journeyman HOFi)
 32273 | D:12     | Found a large runed translucent door.
 32273 | D:12     | Found a large runed translucent door.
 32459 | D:12     | Reached skill level 5 in Fighting
 32549 | D:12     | Found a portal to a secret trove of treasure.
 32686 | D:12     | Found Suosimi's Firing Range.
 32694 | D:12     | Bought a throwing net for 48 gold pieces
 32694 | D:12     | Bought a throwing net for 48 gold pieces
 32932 | D:12     | Found Ywimy's Jewellery Shop.
 32953 | D:12     | Bought an amulet of magic regeneration for 390 gold pieces
 32984 | D:12     | Noticed Snorg
 32997 | D:12     | Killed Snorg
 33347 | D:12     | Killed sirJeffrey23's ghost
 33356 | D:12     | Identified the +4 cloak of the Stopping Gods {rCorr Dex-3
                  | SInv}
 34251 | D:14     | Found Cukhloi's Armour Shoppe.
 35340 | D:14     | Found Pesm's Antique Armour Shoppe.
 35548 | D:14     | Found Hamenusk's Antique Armour Shoppe.
 35550 | D:14     | Bought a pair of runed boots for 195 gold pieces
 35554 | D:14     | Bought a runed troll leather armour for 468 gold pieces
 35759 | D:14     | Reached skill level 10 in Evocations
 35864 | D:14     | Found Alylicez's Armour Boutique.
 35976 | D:14     | Found a shimmering blue altar of Sif Muna.
 36515 | D:14     | Found a gate to the Vaults.
 36585 | D:15     | Entered Level 15 of the Dungeon
 37149 | D:15     | Found a staircase to the Depths.
 37577 | D:15     | Reached XP level 16. HP: 111/112 MP: 27/29
 38238 | Swamp:1  | Entered Level 1 of the Swamp
 38606 | Swamp:1  | Noticed Jorgrun
 38615 | Swamp:1  | Killed Jorgrun
 38772 | Swamp:1  | Reached skill level 15 in Summonings
 40301 | Swamp:3  | Noticed a thorn hunter
 40313 | Swamp:3  | Killed a thorn hunter
 40343 | Swamp:3  | Noticed a thorn hunter
 40360 | Swamp:3  | Killed a thorn hunter
 41185 | Swamp:4  | Entered Level 4 of the Swamp
 41721 | Swamp:4  | Noticed Mlioglotl
 41732 | Swamp:4  | Killed Mlioglotl
 42013 | Swamp:4  | Reached skill level 10 in Fighting
 42059 | Swamp:4  | Noticed the 27-headed Lernaean hydra
 42085 | Swamp:4  | Killed the 27-headed Lernaean hydra
 42086 | Swamp:4  | Reached skill level 16 in Summonings
 42389 | Swamp:4  | Reached XP level 17. HP: 128/128 MP: 24/30
 42552 | Swamp:4  | Got a decaying rune of Zot
 42860 | Elf:1    | Entered Level 1 of the Elven Halls
 43619 | Elf:1    | Reached skill level 17 in Summonings
 43938 | Elf:1    | Identified the +2 whip of Grontol {flame, Will+}
 44960 | Elf:2    | Reached skill level 18 in Summonings
 45632 | Elf:2    | Found a huge runed translucent gate.
 45632 | Elf:2    | Found a huge runed translucent gate.
 45632 | Elf:2    | Found a huge runed translucent gate.
 45632 | Elf:2    | Found a huge runed translucent gate.
 45632 | Elf:2    | Found a huge runed translucent gate.
 45726 | Elf:3    | Entered Level 3 of the Elven Halls
 46178 | Elf:3    | Paralysed by an air elemental for 1 turns
 47316 | Elf:3    | Reached skill level 19 in Summonings
 47734 | Elf:3    | Noticed a deep elf blademaster
 47740 | Elf:3    | Killed a deep elf blademaster
 47741 | Elf:3    | Reached skill level 5 in Armour
 47741 | Elf:3    | Reached XP level 18. HP: 134/134 MP: 9/31
 47804 | Elf:3    | Learned a level 5 spell: Borgnjor's Vile Clutch
 48158 | Elf:3    | Reached skill level 1 in Necromancy
 48204 | Elf:3    | Reached skill level 1 in Earth Magic
 49300 | Elf:3    | Identified the +7 plate armour of the Planets {rElec rC-
                  | Int+4 Dex+2}
 49705 | Elf:3    | Identified the +2 dagger "Fesener" {protect, rC+}
 49707 | Elf:3    | Identified the +2 cloak of Heocren {+Inv rElec Int+4 Dex-3}
 49710 | Elf:3    | Identified the +3 dagger "Kemocini" {drain, rN+}
 49747 | Elf:3    | Identified the +4 rapier of the Maze {speed, rPois}
 49748 | Elf:3    | Identified the ring of Faevuisk {rF+ rC+ rN+ Will- Slay+2}
 49756 | Elf:3    | Got the Secrets of the Watchman
 49801 | Elf:3    | Identified the +1 dagger of the Present {freeze, rF- Str+4
                  | Int+5 SInv}
 50109 | Spider:1 | Entered Level 1 of the Spider Nest
 50959 | Spider:1 | Identified the +1 robe "Vath" {*Slow Str+4}
 52070 | Spider:2 | Noticed Aizul
 52086 | Spider:2 | Killed Aizul
 52138 | Spider:2 | Found the +12 pair of quick blades "Gyre" and "Gimble"
                  | {protect}
 53352 | Spider:3 | Identified the +5 hand axe of the Goat {drain, rPois Str+3}
 53475 | Spider:3 | Reached skill level 10 in Spellcasting
 54419 | Spider:4 | Entered Level 4 of the Spider Nest
 54588 | Spider:3 | Reached XP level 19. HP: 41/127 MP: 11/33
 54692 | Spider:4 | Reached skill level 5 in Necromancy
 55856 | Spider:4 | Reached skill level 5 in Earth Magic
 56955 | Spider:4 | Got a gossamer rune of Zot
 57219 | Vaults:1 | Entered Level 1 of the Vaults
 57612 | Vaults:1 | Reached skill level 10 in Dodging
 58396 | Vaults:1 | Reached XP level 20. HP: 146/147 MP: 10/35
 58711 | Vaults:1 | Found Angit's Armour Shoppe.
 59940 | Vaults:2 | You fall into a shaft and drop 2 floors!
 60732 | Vaults:4 | Reached skill level 10 in Necromancy
 60843 | Vaults:4 | Learned a level 4 spell: Animate Dead
 60850 | Vaults:4 | Learned a level 6 spell: Death Channel
 61417 | Vaults:4 | Noticed Boris
 61438 | Vaults:4 | Killed Boris
 61660 | Vaults:4 | Found the +8 storm bow {elec, penet}
 61980 | Vaults:4 | Identified the +9 plate armour of Soft Rains {*Corrode
                  | Int+3 Slay+6}
 62159 | Vaults:3 | Reached XP level 21. HP: 146/153 MP: 26/36
 62454 | Vaults:2 | Found a staircase to the Crypt.
 62945 | Vaults:2 | Paralysed by a great orb of eyes for 2 turns
 65062 | D:14     | Bought a jewelled scale mail for 162 gold pieces
 65062 | D:14     | Identified the +1 scale mail of Podiff {Regen+} (You bought
                  | it in a shop on level 14 of the Dungeon)
 65203 | Orc:2    | Bought a brightly glowing chain mail for 247 gold pieces
 65203 | Orc:2    | Identified the +12 chain mail of the Soldier {rPois rN+}
                  | (You bought it in a shop on level 2 of the Orcish Mines)
 65622 | Depths:1 | Entered Level 1 of the Depths
 65657 | Depths:1 | Found a runed translucent door.
 65902 | Depths:1 | Found a gateway to Hell.
 66068 | Depths:1 | Identified the +7 dagger of Youthful Indiscretion {flame,
                  | rElec Str-4 Int+3}
 66537 | Depths:1 | Identified the +0 robe of the Game Afoot {rPois Will+}
 66601 | Depths:1 | Noticed a juggernaut
 66609 | Depths:1 | Killed a juggernaut
 66785 | Depths:2 | Noticed a juggernaut
 66793 | Depths:2 | Killed a juggernaut
 66796 | Depths:2 | Found Keb Xola's Antique Armour Emporium.
 66797 | Depths:2 | Found Avioma's General Store.
 66822 | Depths:2 | Bought a dazzling scale mail for 342 gold pieces
 66822 | Depths:2 | Identified the +5 scale mail of Defiance {rF+ Stlth+} (You
                  | bought it in a shop on level 2 of the Depths)
 66824 | Depths:2 | Bought an ancient scale mail for 342 gold pieces
 66824 | Depths:2 | Identified the +1 scale mail "Inealud" {Regen+ MP+9 Int+4}
                  | (You bought it in a shop on level 2 of the Depths)
 66943 | Depths:2 | Reached XP level 22. HP: 161/163 MP: 7/37
 66978 | Depths:2 | Reached skill level 15 in Stealth
 67038 | Depths:2 | Bought a throwing net for 39 gold pieces
 67038 | Depths:2 | Bought a potion of resistance for 130 gold pieces
 67237 | Depths:2 | Found a snail-covered altar of Cheibriados.
 67274 | Depths:2 | Found a one-way gate leading to the halls of Pandemonium.
 67401 | Depths:2 | Found Goig's Assorted Antiques.
 67409 | Depths:2 | Bought a glowing scarf for 192 gold pieces
 67411 | Depths:2 | Bought a fading trident for 204 gold pieces
 67411 | Depths:2 | Identified the +7 trident of the Hierophant {venom, rF- rC+
                  | Dex+3} (You bought it in a shop on level 2 of the Depths)
 67413 | Depths:2 | Bought a scroll of teleportation for 72 gold pieces
 67413 | Depths:2 | Bought a scroll of teleportation for 72 gold pieces
 67427 | Depths:2 | Found Yrhis's Antique Armour Shop.
 67435 | Depths:2 | Bought a scorched leather armour for 294 gold pieces
 67435 | Depths:2 | Identified the +1 leather armour "Myrodaibb" {rF+ rC+
                  | Dex+2} (You bought it in a shop on level 2 of the Depths)
 67693 | Depths:2 | Paralysed by a vampire knight for 5 turns
 67693 | Depths:2 | Noticed a juggernaut
 67707 | Depths:2 | Killed a juggernaut
 67959 | Depths:2 | Found the +8 arc blade {discharge, rElec}
 67964 | Depths:2 | Got the Disquisition on Illusion
 67974 | Depths:2 | Learned a level 8 spell: Summon Horrible Things
 68035 | Depths:2 | Found Ahiune's Antique Weapon Shoppe.
 68525 | D:12     | You paid a toll of +4 ice dragon scales to enter a treasure
                  | trove
 68526 | Trove    | Entered a treasure trove
 68528 | Trove    | Identified the +2 tower shield "Osseat" {rF+}
 68529 | Trove    | Identified the amulet of the Thistle {Reflect rElec SH+5}
 68531 | Trove    | Identified the amulet "Noticil" {Faith rPois Will+ Str+2}
 68533 | Trove    | Identified the amulet of Piathram {Spirit rC+ Will+}
 68535 | Trove    | Identified the +2 kite shield "Caucwyat" {Contam Str+6
                  | Int+4 Dex+3}
 68537 | Trove    | Identified the +2 hat of Hedging {+Inv Str+2}
 68539 | Trove    | Identified the +2 hat "Nodut" {Drain rPois rC+}
 68541 | Trove    | Identified the +2 hat of the Realm of Zot {+Blink}
 68550 | Trove    | Identified the ring "Fariot Fueff" {rC- rN+ MP+9 Dex+3}
 68575 | Trove    | Identified the ring of Eternal Harmony {rPois Will+}
 68589 | Trove    | Identified the ring "Weaxzu" {Wiz rElec}
 68602 | Trove    | Identified the ring "Irghumeoth" {*Corrode rF+ Will+ Str+2}
 68632 | Trove    | Identified the ring of Wagazof {*Slow EV+5 Str+2 Stlth+}
 68976 | Depths:3 | Noticed a golden dragon
 68989 | Depths:3 | Killed a golden dragon
 69328 | Depths:3 | Found a one-way gateway to a ziggurat.
 69370 | Depths:3 | Found a one-way gate to the infinite horrors of the Abyss.
 69885 | Depths:4 | Entered Level 4 of the Depths
 69930 | Depths:4 | Noticed a golden dragon
 69954 | Depths:4 | Killed a golden dragon
 70176 | Depths:4 | Reached XP level 23. HP: 94/171 MP: 8/39
 70423 | Depths:4 | Noticed a juggernaut
 70435 | Depths:4 | Killed a juggernaut
 70467 | Depths:4 | Found a hide-covered altar of Uskayaw.
 71515 | Swamp:1  | Learned a level 7 spell: Monstrous Menagerie
 71887 | Depths:4 | Found a gate to the Realm of Zot.
 72357 | Slime:1  | Entered Level 1 of the Pits of Slime
 72714 | Slime:2  | Gained mutation: You are clumsy. (Dex -2) [a shining eye]
 72723 | Slime:2  | Paralysed by a floating eye for 2 turns
 72735 | Slime:2  | Paralysed by a floating eye for 2 turns
 72855 | Slime:2  | Reached skill level 20 in Summonings
 72861 | Slime:2  | Reached skill level 15 in Dodging
 73583 | Slime:4  | Paralysed by a floating eye for 3 turns
 73646 | Slime:4  | Paralysed by a floating eye for 4 turns
 74192 | Slime:5  | Entered Level 5 of the Pits of Slime
 74331 | Slime:5  | Noticed the Royal Jelly
 74401 | Slime:5  | Reached skill level 10 in Armour
 74563 | Slime:5  | Found a viscous altar of Jiyva.
 75184 | Slime:5  | Found the +3 pair of gauntlets of War {Slay+5}
 75190 | Slime:5  | Found the +8 demon blade "Leech" {evervamp, Harm Drain rN+}
 75501 | Slime:5  | Killed the Royal Jelly
 75741 | Slime:5  | Identified the ring "Wehargh" {Fly Will+}
 75760 | Slime:5  | Identified the ring "Kesarewk" {Fly rF+++ Str-4 Int+6
                  | Slay-2}
 75813 | Slime:5  | Identified the ring of Ifrutier {rPois Str+6}
 75847 | Slime:5  | Got a slimy rune of Zot
 75877 | Slime:5  | Identified the +1 ring mail of Resonant Leaves {rElec
                  | Will+}
 76267 | Zot:1    | Entered Level 1 of the Realm of Zot
 76333 | Zot:1    | Reached skill level 21 in Summonings
 76839 | Zot:1    | Found a stormy altar of Qazlal.
 77289 | Zot:1    | Reached XP level 24. HP: 105/158 MP: 20/39
 77371 | Zot:1    | Reached skill level 22 in Summonings
 77848 | Slime:5  | Identified the +8 short sword "Usune" {freeze, rN+ Str+4
                  | Dex+7 Stlth-}
 79150 | Zot:1    | Reached skill level 1 in Short Blades
 79929 | Zot:2    | Found the +4 dragonskin cloak
 79929 | Zot:2    | Noticed Tiamat
 80152 | Zot:2    | Reached skill level 23 in Summonings
 80707 | Zot:1    | Found a stormy altar of Qazlal.
 81107 | Zot:2    | Killed Tiamat
 82330 | Spider:1 | Learned a level 9 spell: Dragon's Call
 82999 | Zot:2    | Reached skill level 24 in Summonings
 83071 | Zot:2    | Noticed an orb of fire
 83097 | Zot:2    | Gained mutation: Your body sometimes deteriorates upon
                  | taking damage. [an orb of fire]
 83143 | Zot:2    | Killed an orb of fire
 83330 | Zot:2    | Noticed a Killer Klown
 83400 | Zot:2    | Killed a Killer Klown
 83623 | Zot:3    | Reached XP level 25. HP: 144/184 MP: 7/39
 84483 | Zot:3    | Identified the +9 rapier of Dividends {flame, rC+ Will+}
 84778 | Zot:4    | Reached skill level 25 in Summonings
 85741 | Zot:5    | Entered Level 5 of the Realm of Zot
 86160 | Zot:5    | Identified the +2 plate armour "Jidav" {rN+ Int+4 Dex+3}
 86831 | Zot:5    | Noticed an orb of fire
 86839 | Zot:5    | Killed an orb of fire
 86844 | Zot:5    | Noticed a Killer Klown
 86846 | Zot:5    | Noticed an orb of fire
 86849 | Zot:5    | Noticed an orb of fire
 86849 | Zot:5    | Killed a Killer Klown
 86852 | Zot:5    | Killed an orb of fire
 86854 | Zot:5    | Noticed an orb of fire
 86856 | Zot:5    | Gained mutation: Your magical capacity is low. (-10% MP)
                  | [an orb of fire]
 87211 | Zot:5    | Gained mutation: Armour fits poorly on your strangely
                  | shaped body. [an orb of fire]
 87219 | Zot:5    | Killed an orb of fire
 87259 | Zot:5    | Lost mutation: Your magical capacity is low. (-10% MP)
                  | [potion of mutation]
 87259 | Zot:5    | Lost mutation: You are clumsy. (Dex -2) [potion of
                  | mutation]
 87259 | Zot:5    | Lost mutation: Your body sometimes deteriorates upon taking
                  | damage. [potion of mutation]
 87259 | Zot:5    | Gained mutation: Your magical capacity is low. (-10% MP)
                  | [potion of mutation]
 87259 | Zot:5    | Gained mutation: Your body sometimes deteriorates upon
                  | taking damage. [potion of mutation]
 87259 | Zot:5    | Gained mutation: You are partially covered in iridescent
                  | scales. (AC +2) [potion of mutation]
 87260 | Zot:5    | Lost mutation: You are partially covered in iridescent
                  | scales. (AC +2) [potion of mutation]
 87260 | Zot:5    | Lost mutation: Your body sometimes deteriorates upon taking
                  | damage. [potion of mutation]
 87260 | Zot:5    | Gained mutation: Your muscles are strong. (Str +4, Int/Dex
                  | -1) [potion of mutation]
 87260 | Zot:5    | Gained mutation: You passively map a small area around you.
                  | [potion of mutation]
 87315 | Zot:5    | Gained mutation: You are frail. (-10% HP) [an orb of fire]
 87316 | Zot:5    | Noticed an ancient lich
 87325 | Zot:5    | Killed an ancient lich
 87642 | Zot:5    | Killed an orb of fire
 87643 | Zot:5    | Reached skill level 26 in Summonings
 87661 | Zot:5    | Reached skill level 5 in Short Blades
 87899 | Zot:5    | Reached XP level 26. HP: 171/171 MP: 25/36
 88122 | Zot:5    | Noticed an orb of fire
 88153 | Zot:5    | Killed an orb of fire
 88398 | Zot:5    | Reached skill level 15 in Spellcasting
 88444 | Zot:5    | Gained mutation: You passively dampen the noise of your
                  | surroundings. [mutagenic glow]
 88641 | Zot:5    | Got the Orb of Zot
 89015 | D:13     | Noticed Viramah the pandemonium lord
 89100 | D:7      | Noticed Puoxas the pandemonium lord
 89209 | D:2      | Noticed Estitip the pandemonium lord
 89228 | D:2      | Noticed an ancient lich
 89228 | D:2      | Noticed Cokalell the pandemonium lord
 89229 | D:2      | Killed Estitip the pandemonium lord
 89267 | D:$      | Escaped with the Orb!

Illustrated notes

Levels and vault maps discovered:
D:1:      minmay_arrival_radiant_lines, layout_basic, st_stairs_13,
          minmay_misc_feat_ornament, minmay_lizard_king
D:2:      minmay_alternating_diamond, layout_basic, minmay_parallelograms,
          hangedman_abyss_or_decor_stabs
D:3:      layout_loops_corners, lemuel_tele_altar, marbit_many_paths,
          serial_shops, shop, gammafunk_ghost_stat_death,
          serial_co_window_serial, co_window_corner_a, co_window_paths_b,
          co_window_corner_a, co_window_paths_b, co_window_corner_a,
          co_window_of_opportunity_a, co_window_of_opportunity_a,
          co_window_broadway_a, co_window_broadway_c,
          co_window_of_opportunity_c, co_window_corner_ca, co_window_paths_e,
          glass_columns_b
D:4:      lemuel_castle_with_subvaults [lemuel_castle_interior_original],
          layout_basic, grunt_temple_overflow_open, serial_shops,
          nicolae_shop_advertising_works [nicolae_subvault_shop_adworks],
          uniq_blork_the_orc
D:5:      layout_basic, okawaru_altar_gauntlet_db, nicolae_elemental_shop
D:6:      layout_basic, trog_wizard, lemuel_coloured_pillars_altar,
          minmay_temple_entry_glassed_door, serial_shops, nicolae_shop_trees,
          nicolae_shop_stone, uniq_edmund
D:7:      minmay_the_grid_octo_2x2 [minmay_the_grid_octo_77,
          minmay_the_grid_octo_chip, minmay_the_grid_octo_thin_diamonds,
          minmay_the_grid_octo_prize_square_snowflake], layout_cave_pools,
          serial_shops, nicolae_shop_trees, uniq_prince_ribbit1
D:8:      layout_loops_ring, roderic_batcave
D:9:      layout_basic, serial_curves, eino_curves_02, eino_curves_03
D:10:     cheibrodos_barr_body, layout_loops_ring, mainiacjoe_overflow_alcove_1,
          erik_lair_island, laboratory, uniq_psyche, uniq_urug, uniq_amaemon
D:11:     layout_basic, erik_orc_1
D:12:     layout_small_grid, nicolae_trove_entry_free_sample,
          ebering_ghost_disaster_area, serial_shops, nicolae_lakefront_shop,
          kennysheep_path_1, nicolae_shop_firing_range, uniq_snorg
D:13:     layout_loops_ring
D:14:     layout_rooms, ximxim_vaults_locker_room, serial_shops,
          nicolae_square_shop, nicolae_square_shop, shop, shop,
          minmay_misc_feat_secret_circle, led_sif_pool
D:15:     hangedman_depths_entry_civil_slaughter, layout_long_grid,
          chequers_jeans
Temple:   nicolae_temple_no_exploring_needed
Lair:1:   layout_loops_ring, portal_ice_cave_entry_pillars_1,
          pdpol_lair_cavern_descent
Lair:2:   layout_layer_cave, swamp_mist, nicolae_spider_entry_non_spiders,
          chequers_serial_rivers_room_a, nicolae_lair_liquid_snakes,
          grunt_megastairs_2, uniq_nergalle, uniq_gastronok
Lair:3:   layout_cave_pods
Lair:4:   layout_loops_ring
Lair:5:   cheibrodos_lair_end_hotspot, layout_gridlike, slime_entry_1,
          serial_bayou_shore_a, uniq_kirke
Swamp:1:  layout_basic_swamp, infiniplex_staircase_pool_2, uniq_jorgrun
Swamp:2:  layout_basic_swamp, evilmike_swamp_ruin_house_3
Swamp:3:  layout_basic_swamp, serial_swamp_ruin, evilmike_swamp_ruin_house_1,
          evilmike_swamp_ruin_rubble_2
Swamp:4:  swamp_old_school, layout_basic_swamp, swamp_pool1, uniq_mlioglotl
Spider:1: layout_spider_delve, hellmonk_test_site
Spider:2: layout_spider_delve, nicolae_spider_baby_got_redback, uniq_aizul
Spider:3: layout_cave_pods
Spider:4: spider_rune_water, nicolae_spider_solar_radiation
Slime:1:  layout_caves, nicolae_slime_barrier
Slime:2:  layout_caves, nicolae_slime_getting_an_eyeful
Slime:3:  layout_caves
Slime:4:  layout_caves
Slime:5
Orc:1:    layout_caves, hellmonk_guarded_unrand_dark_maul, uniq_josephine
Orc:2:    st_orc_open, layout_diamond_mine, uniq_maurice
Elf:1:    eino_elf_arrival_customs, layout_rooms, minmay_elf_crystal_hexagon
Elf:2:    elven_hall_of_blades_hangedman_alternative [nicolae_blade_bullseye],
          layout_geoelf_octagon
Elf:3:    minmay_elf_hall_four_x, layout_loops_cross, serial_sigils,
          serial_sigils_hangedman_stare, serial_sigils_hangedman_etch,
          serial_sigils_hangedman_gnaw, serial_sigils_hangedman_writhe
Vaults:1: ontoclasm_vaults_gateway, ontoclasm_vaults_twist,
          nicolae_vaults_network_star, nicolae_vaults_what_the_h,
          vaults_room_hallway, hangedman_vaults_corner_blocks,
          nicolae_vaults_border_crossing, v_misc_14,
          nicolae_vaults_specimen_jars, vaults_mumra_hexcomb,
          layout_vaults_omnicross, serial_shops, shop
Vaults:2: grunt_vaults_hallway_long, minmay_crypt_entry_nasty_monster,
          nicolae_vaults_network_square, v_pattern_2, v_misc_22,
          hangedman_vaults_hat, hangedman_vaults_restitches,
          nicolae_vaults_an_arrangement, vaults_room_pool,
          nicolae_vaults_twisting_passages, v_misc_24,
          vaults_room_grunt_arrival_ludios, nicolae_vaults_angled_halls,
          nicolae_vaults_diagonal_hallway_7, layout_vaults_ring
Vaults:3: st_eye, grunt_vaults_trifunnel, v_misc_33, grunt_vaults_focal,
          ontoclasm_vaults_ring_square, v_misc_19, dpeg_vaults_monster_box,
          ontoclasm_vaults_eye, nicolae_vaults_network_periphery,
          vaults_room_ringed_pool, ontoclasm_vaults_spin, vaults_dpeg_ring,
          layout_vaults_omnibox
Vaults:4: v_alt_pattern_1, hangedman_vaults_stretched_pinwheel,
          minmay_guarded_unrand_secular_launcher, ontoclasm_vaults_ring_large,
          v_misc_9, hangedman_vaults_capsules, hangedman_vaults_locks,
          hangedman_vaults_slither, vaults_room_door_ring,
          hangedman_vaults_unwind, ontoclasm_vaults_decontamination, v_misc_2,
          ontoclasm_vaults_ligature, nicolae_vaults_little_squares_6,
          layout_vaults_maze, uniq_boris
Depths:1: nicolae_hexawheel, layout_cave_pools, chequers_serial_rivers_large_b,
          hangedman_coc_ice_floe, corner_web_ring, lemuel_angel_altar
Depths:2: minmay_broken_ring, layout_cave_pools, rand_demon_pan_entry_9,
          hellmouth_1, serial_shops, shop_statue, shop, nicolae_shop_trees,
          nicolae_shop_stone, nicolae_diamond_shop, minmay_statues_item,
          cheibriados_altar_1, infiniplex_staircase_pillars_1
Depths:3: minmay_connected_boxes_in_corner, layout_cave_shapes,
          enter_ziggurat_b, hangedman_abyss_or_decor_slice, pan_entry,
          hell_entry, minmay_room_of_horrors
Depths:4: grunt_zot_entry_gee_three, layout_cave_shapes,
          grunt_hell_entry_dis_old, rand_demon_pan_entry_1,
          eat_drink_and_be_merry_uskayaw
Zot:1:    nicolae_zot_draconian_monastery, layout_misc_corridors
Zot:2:    cheibrodos_zot_enchanting_chambers, layout_misc_corridors,
          zot_minivault_7, lemuel_elevator, uniq_tiamat
Zot:3:    kennysheep_room_grid, layout_gridlike
Zot:4:    layout_gridlike
Zot:5:    layout_gridlike, st_stairs_7

Skill      XL: |  1  2  3  4  5  6  7  8  9 10 11 12 13 14 15 16 17 18 19 20 21 22 23 24 25 26 |
---------------+-------------------------------------------------------------------------------+-----
Summonings     | 5 6 7 8 10 12 12 13 14 16 19 21 24 26 | 26.0
Stealth        | 5 6 7 9 9 11 12 14 15 | 15.0
Hexes          | 3 4 4 5 6 |  6.0
Polearms       | 4 5 6 8 9 10 11 | 11.6
Spellcasting   | 4 5 6 7 9 10 11 12 14 15 | 15.2
Air Magic      | 3 5 5 |  5.0
Dodging        | 4 5 7 9 10 11 14 15 | 15.0
Evocations     | 2 3 5 7 9 10 11 12 14 | 14.0
Armour         | 1 3 4 5 6 8 10 | 10.0
Fighting       | 3 7 10 11 12 | 12.4
Necromancy     | 4 8 13 14 | 14.0
Earth Magic    | 4 7 8 |  8.0
Short Blades   | 1 6 |  6.0

Action                   |  1- 3 |  4- 6 |  7- 9 | 10-12 | 13-15 | 16-18 | 19-21 | 22-24 | 25-27 || total
-------------------------+-------+-------+-------+-------+-------+-------+-------+-------+-------++-------
Melee: Unarmed           |     4 |       |       |       |       |       |       |       |       ||     4
       Dagger            |    18 |     6 |       |       |       |       |       |       |       ||    24
       Punch             |     2 |     2 |       |       |       |       |       |       |       ||     4
       Spear             |       |    55 |       |       |       |       |       |       |       ||    55
       Trident           |       |    78 |   115 |       |   339 |   533 |   372 |   186 |       ||  1623
       Bite              |       |    10 |    11 |    16 |    36 |    45 |    42 |    19 |     8 ||   187
       Halberd           |       |       |    46 |   263 |   119 |       |       |       |       ||   428
       Short sword       |       |       |       |       |       |       |       |    38 |    51 ||    89
Throw: Throwing net      |       |       |       |     1 |       |       |       |     2 |       ||     3
 Cast: Summon Small Mamm |    26 |     3 |     2 |       |       |       |       |       |       ||    31
       Call Imp          |    17 |     4 |    12 |     1 |     2 |       |       |       |       ||    36
       Call Canine Famil |     1 |    11 |    42 |    55 |   140 |    95 |     7 |       |       ||   351
       Summon Guardian G |       |       |    14 |    58 |   165 |    91 |     5 |       |       ||   333
       Summon Lightning  |       |       |     6 |    54 |   175 |   122 |    15 |       |       ||   372
       Tukima's Dance    |       |       |       |     1 |    24 |     1 |       |       |       ||    26
       Summon Hydra      |       |       |       |       |     1 |   266 |   392 |   188 |    23 ||   870
       Borgnjor's Vile C |       |       |       |       |       |       |    76 |   182 |    31 ||   289
       Death Channel     |       |       |       |       |       |       |    18 |    34 |     1 ||    53
       Animate Dead      |       |       |       |       |       |       |     9 |    23 |       ||    32
       Monstrous Menager |       |       |       |       |       |       |       |    16 |     1 ||    17
       Summon Horrible T |       |       |       |       |       |       |       |    16 |    10 ||    26
       Dragon's Call     |       |       |       |       |       |       |       |    10 |    36 ||    46
Invok: Sacrifice an Eye  |       |       |       |     1 |       |       |       |       |       ||     1
       Sacrifice Skill   |       |       |       |     1 |       |       |       |       |       ||     1
       Sacrifice Resista |       |       |       |       |     1 |       |       |       |       ||     1
       Apocalypse        |       |       |       |       |     8 |     6 |     4 |     9 |     2 ||    29
       Power Leap        |       |       |       |       |     1 |       |       |     1 |       ||     2
       Sacrifice a Hand  |       |       |       |       |     1 |       |       |       |       ||     1
Evoke: Wand              |       |       |       |     5 |     9 |     8 |     5 |    22 |     5 ||    54
       Condenser vane    |       |       |       |     1 |     1 |     3 |     7 |     8 |     1 ||    21
       Box of beasts     |       |       |       |       |       |     2 |     1 |     2 |     2 ||     7
       Tin of tremorston |       |       |       |       |       |       |     3 |     1 |       ||     4
       Lightning rod     |       |       |       |       |       |       |       |     6 |       ||     6
       Phantom mirror    |       |       |       |       |       |       |       |     2 |       ||     2
  Use: Potion            |     3 |       |       |       |       |     2 |     3 |     7 |    13 ||    28
       Scroll            |       |     2 |     4 |     5 |    12 |     5 |     5 |    17 |     6 ||    56
 Stab: Sleeping          |     1 |    12 |     4 |     5 |     3 |     2 |     1 |     2 |     1 ||    31
       Distracted        |       |     1 |     4 |    13 |    21 |    14 |    16 |    12 |       ||    81
       Held in net/web   |       |       |       |     1 |       |       |       |       |       ||     1
       Petrifying        |       |       |       |       |     1 |       |       |       |       ||     1
       Paralysed         |       |       |       |       |     8 |     1 |     8 |     9 |     1 ||    27
       Invisible         |       |       |       |       |     3 |     6 |     4 |       |     1 ||    14
Armor: Robe              |     8 |    11 |       |    13 |       |       |       |       |       ||    32
       Leather armour    |       |       |    25 |       |       |    28 |       |   124 |    25 ||   202
       Troll leather arm |       |       |       |    15 |    47 |    99 |   122 |     9 |       ||   292
       Swamp dragon scal |       |       |       |       |       |   102 |    73 |       |       ||   175
Dodge: Dodged            |    30 |    83 |   114 |   195 |   257 |   261 |   238 |   288 |   112 ||  1578

Table legend: (Time is in decaauts)
 A = Elapsed time spent in this place.
 B = Non-inter-level travel time spent in this place.
 C = Inter-level travel time spent in this place.
 D = Time resting spent in this place.
 E = Time spent auto-exploring this place.
 F = Levels seen in this place.
 G = Mean time per level.
                   A        B        C        D        E       F      G
               +--------+--------+--------+--------+--------+-----+--------+
         Total |  89754 |  78681 |  11073 |  24313 |  35168 |  54 | 1662.1 |
       Dungeon |  26078 |  21136 |   4942 |   5542 |  10950 |  15 | 1738.5 |
        Temple |     14 |      1 |     13 |      0 |      0 |   1 |   14.0 |
          Lair |  11095 |   9694 |   1401 |   2920 |   5067 |   5 | 2219.0 |
         Swamp |   4985 |   4533 |    452 |   1228 |   1935 |   4 | 1246.2 |
   Spider Nest |   6600 |   6161 |    439 |   2378 |   2502 |   4 | 1650.0 |
    Slime Pits |   3655 |   3363 |    292 |   1193 |   1256 |   5 |  731.0 |
  Orcish Mines |   3118 |   2781 |    337 |    980 |   1177 |   2 | 1559.0 |
   Elven Halls |   7256 |   6667 |    589 |   3318 |   1783 |   3 | 2418.7 |
        Vaults |   7772 |   7379 |    393 |   1780 |   3757 |   4 | 1943.0 |
        Depths |   6145 |   5007 |   1138 |    565 |   2653 |   4 | 1536.2 |
           Zot |  10710 |   9637 |   1073 |   3182 |   3677 |   5 | 2142.0 |
         Trove |    115 |    115 |      0 |      0 |     76 |   1 |  115.0 |
      Ice Cave |   2206 |   2206 |      0 |   1225 |    332 |   1 | 2206.0 |
               +--------+--------+--------+--------+--------+-----+--------+

Top non-repeatable levels by time:
   Elf:3: 4325 daAuts
   Zot:1: 3290 daAuts
    D:10: 3199 daAuts
  Lair:2: 3113 daAuts
   Zot:5: 2923 daAuts
    D:11: 2695 daAuts
     D:6: 2555 daAuts
  Lair:5: 2464 daAuts
    D:14: 2373 daAuts
Spider:4: 2330 daAuts
  Lair:4: 2278 daAuts
   Zot:2: 2266 daAuts
   IceCv: 2206 daAuts
Vaults:1: 2151 daAuts
Vaults:4: 2080 daAuts
